Canadiens vs Panthers

Created - 4 avril 2022 at 17:17

Goals
1 2 3 T
Canadiens 0 1 3 4
Panthers 1 2 0 3
Shots
1 2 3 T
Canadiens 5 12 18 35
Panthers 13 15 4 32

GoalsPenalties
1st period
1. Panthers , Reilly Smith 30 (Colton Parayko 36, Claude Giroux 41) at 2:23 (PP)
Carter Rowney (MON) for Roughing (Minor) at 1:00
Carter Rowney (MON) for High sticking (Minor) at 2:59
Jonathan Huberdeau (MON) for Hooking (Minor) at 8:23
Brett Howden (FLO) for Slashing (Minor) at 10:32
2nd period
2. Canadiens , Victor Olofsson 21 (Adam Henrique 17) at 5:11
3. Panthers , Zack Kassian 4 (Brett Howden 14, Jason Demers 16) at 10:03
4. Panthers , Zack Kassian 5 (Jason Demers 17, James Neal 11) at 12:11
Brayden Schenn (MON) for Hooking (Minor) at 2:08
Joakim Nordstrom (MON) for Roughing (Minor) at 2:53
Brayden Schenn (MON) for High sticking (Minor) at 7:49
Reilly Smith (FLO) for Tripping (Minor) at 18:07
3rd period
5. Canadiens , Adam Henrique 15 (Zach Hyman 48, Morgan Rielly 35) at 5:34 (PP)
6. Canadiens , Auston Matthews 57 (Zach Hyman 49, Mitch Marner 70) at 11:56
7. Canadiens , Zach Hyman 19 (Mitch Marner 71, Brandon Carlo 17) at 19:06
Jonathan Marchessault (FLO) for Tripping (Minor) at 1:01
Zack Kassian (FLO) for Tripping (Minor) at 3:21
Matt Roy (MON) for Holding (Minor) at 3:21
Andre Burakovsky (FLO) for Hooking (Minor) at 3:52
Zack Kassian (FLO) for Hooking (Minor) at 16:26
Goalie Stats
Frederik Andersen (MON), 29 saves from 32 shots - (0,906), W, 16-13-4, 60:00 minutes
Jonathan Quick (FLO), 31 saves from 35 shots - (0,886), L, 30-19-3, 59:40 minutes
3 StarsOfficial
1 - Zach Hyman (MON)
2 - Zack Kassian (FLO)
3 - Auston Matthews (MON)
Referees : Steve Kozari and Dan O'Rourke
Linesman : Brad Lazarowich and Pierre Racicot
Game Note
Brett Howden is injured at 16:54 of 2nd period (Bruised Right Foot)



Team Name Goals Shots Shots Attemp Shots Blocked PIM HIT PP PK FO%
Canadiens 43573814191 / 5 (20%)146%
Panthers 33266612241 / 6 (17%)154%

Canadiens
Player Name POS G A P +/- PIM HIT SHT SB MP PP MP PP SHT PK MP PK SHT FO% FOT
Adam HenriqueC/LW112-1003014:354:2521:55063% 19
Auston MatthewsC/LW1012014116:573:4520:00048% 27
Brandon CarloD0111031220:030:0005:1800% 0
Brayden SchennC/LW/RW0000454016:203:5310:00053% 19
Carson SoucyD0001020117:520:0004:4000% 0
Carter RowneyC/RW0000421015:530:0003:3800% 3
Clayton KellerLW/RW000-1006012:324:1720:0000% 0
Colton SceviourC0000000013:170:0005:27035% 17
Jake MuzzinD0001001023:563:5305:1800% 0
Joakim NordstromC/LW/RW0000220010:460:0003:49029% 7
Jonathan HuberdeauLW0000204016:133:4520:0000% 1
Kasperi KapanenLW/RW000000106:570:0000:0000% 0
Matt RoyD0001210113:110:0000:0000% 0
Mitch MarnerRW0222002116:573:4500:0000% 0
Morgan RiellyD011-1012018:264:1720:2000% 0
T.J. BrodieD000-1000218:210:0004:3200% 0
Victor OlofssonLW/RW101-1002012:404:2500:0000% 0
Zach HymanLW/RW1232024021:404:2504:04050% 2
Panthers
Player Name POS G A P +/- PIM HIT SHT SB MP PP MP PP SHT PK MP PK SHT FO% FOT
Aleksander BarkovC000-2006223:094:4735:06067% 30
Andre BurakovskyLW/RW000-2200016:564:4700:00025% 4
Brett HowdenC/LW/RW011120014:560:0000:00055% 11
Claude GirouxC/LW/RW0110001023:115:1704:28047% 32
Colton ParaykoD0110031022:434:3405:0900% 0
David KrejciC000000009:320:0000:00054% 13
Dmitry KulikovD0001020110:130:0000:0400% 0
Dylan DeMeloD000-2002026:115:3014:2500% 0
James NealLW/RW011100209:070:0000:0000% 0
Jason DemersD0221000110:130:0000:0400% 0
Jonathan MarchessaultLW/RW000-2262020:104:4703:0100% 2
Jujhar KhairaC/LW000000007:510:0002:2900% 1
Michael RafflLW/RW000000205:220:0000:0000% 0
Nikita ZaitsevD0000001123:364:3415:0900% 0
Reilly SmithLW/RW1010222021:175:1722:440100% 2
Seth JonesD000-2023027:045:3024:2500% 0
Vladislav NamestnikovC/LW/RW0000046017:415:1720:0000% 0
Zack KassianLW/RW202145409:050:0000:0000% 0

Canadiens

5 vs 5 Forward
Line #Left WingCenterRight WingPHYDFOFWanted %Time %Time Play
1Zach HymanAuston MatthewsMitch Marner0233032%12:18
2Jonathan HuberdeauBrayden SchennCarter Rowney0322829%11:24
3Victor OlofssonAdam HenriqueClayton Keller0322421%8:15
4Joakim NordstromColton SceviourKasperi Kapanen1221818%6:57
5 vs 5 Defense
Line #DefenseDefensePHYDFOFWanted %Time %Time Play
1Morgan RiellyT.J. Brodie0413433%12:55
2Jake MuzzinBrandon Carlo0323333%12:47
3Carson SoucyMatt Roy1223334%13:12
4Jake MuzzinMorgan Rielly12200%0:00
Power Play Forward
Line #Left WingCenterRight WingPHYDFOFWanted %Time %Time Play
1Jonathan HuberdeauAuston MatthewsMitch Marner0145046%3:45
2Victor OlofssonAdam HenriqueZach Hyman0145054%4:25
Power Play Defense
Line #DefenseDefensePHYDFOFWanted %Time %Time Play
1Clayton KellerMorgan Rielly0145052%4:17
2Jake MuzzinBrayden Schenn0145048%3:53
Penalty Kill 4 Players Forward
Line #CenterWingPHYDFOFWanted %Time %Time Play
1Joakim NordstromCarter Rowney0415053%4:40
2Colton SceviourZach Hyman0415047%4:10
Penalty Kill 4 Players Defense
Line #DefenseDefensePHYDFOFWanted %Time %Time Play
1Jake MuzzinBrandon Carlo0505052%4:38
2T.J. BrodieCarson Soucy0505048%4:12
Penalty Kill 3 Players
Line #WingPHYDFOFWanted %Time %Time PlayDefenseDefensePHYDFOFWanted %Time %Time Play
1Carter Rowney0505054%0:40 Jake MuzzinBrandon Carlo0505054%0:40
2Colton Sceviour0505046%0:34 Carson SoucyT.J. Brodie0505046%0:34
4 vs 4 Forward
Line #CenterWingPHYDFOFWanted %Time %Time Play
1Auston MatthewsMitch Marner0235045%0:54
2Brayden SchennJonathan Huberdeau0235055%1:05
4 vs 4 Defense
Line #DefensePHYDFOFWanted %Time %Time Play
1Jake MuzzinBrandon Carlo0235055%50% - 1:05
2T.J. BrodieMorgan Rielly1225045%50% - 0:54
Last Minutes Offensive
Left WingCenterRight WingDefenseDefense
Jonathan HuberdeauAuston MatthewsMitch MarnerMatt RoyMorgan Rielly
Last Minutes Defensive
Left WingCenterRight WingDefenseDefense
Carter RowneyColton SceviourZach HymanJake MuzzinBrandon Carlo
Time
Total ForwardTotal DefenseLast Minutes OffensiveLast Minutes Defensive
60:00 60:00 0:000:53
Extra Forwards
Normal PowerPlayPenalty Kill
Clayton Keller, Kasperi Kapanen, Zach HymanKasperi Kapanen, Clayton KellerColton Sceviour
Extra Defensemen
Normal PowerPlayPenalty Kill
Morgan Rielly, Carson Soucy, Brandon CarloCarson Soucy, Morgan RiellyJake Muzzin
Penalty Shots
Auston Matthews, Clayton Keller, Jonathan Huberdeau, Kasperi Kapanen, Zach Hyman
Goalie
Frederik Andersen, Cam Talbot
Custom OT Lines Forwards
Auston Matthews, Mitch Marner, Jonathan Huberdeau, Brayden Schenn, Adam Henrique, Victor Olofsson, Zach Hyman, Carter Rowney, Kasperi Kapanen, Clayton Keller
Custom OT Lines Defensemen
T.J. Brodie, Morgan Rielly, Jake Muzzin, Brandon Carlo, Carson Soucy
Scratches
Egor Korshkov (Healthy), Radek Faksa (Healthy), John Carlson (Torso Injury)

Panthers

5 vs 5 Forward
Line #Left WingCenterRight WingPHYDFOFWanted %Time %Time Play
1Jonathan MarchessaultAleksander BarkovAndre Burakovsky0143031%12:01
2Vladislav NamestnikovClaude GirouxReilly Smith1133032%12:24
3James NealBrett HowdenZack Kassian1222423%9:07
4Jujhar KhairaDavid KrejciMichael Raffl1311614%5:22
5 vs 5 Defense
Line #DefenseDefensePHYDFOFWanted %Time %Time Play
1Seth JonesDylan DeMelo0233029%11:27
2Nikita ZaitsevColton Parayko0233033%12:51
3Dmitry KulikovJason Demers1222426%10:09
4Seth JonesDylan DeMelo0231611%4:27
Power Play Forward
Line #Left WingCenterRight WingPHYDFOFWanted %Time %Time Play
1Jonathan MarchessaultAleksander BarkovAndre Burakovsky0145048%4:47
2Vladislav NamestnikovClaude GirouxReilly Smith0145052%5:17
Power Play Defense
Line #DefenseDefensePHYDFOFWanted %Time %Time Play
1Seth JonesDylan DeMelo0145055%5:30
2Nikita ZaitsevColton Parayko0145045%4:34
Penalty Kill 4 Players Forward
Line #CenterWingPHYDFOFWanted %Time %Time Play
1Aleksander BarkovJonathan Marchessault0325052%4:13
2Claude GirouxReilly Smith0325048%3:57
Penalty Kill 4 Players Defense
Line #DefenseDefensePHYDFOFWanted %Time %Time Play
1Seth JonesDylan DeMelo0325043%3:32
2Nikita ZaitsevColton Parayko0325057%4:38
Penalty Kill 3 Players
Line #WingPHYDFOFWanted %Time %Time PlayDefenseDefensePHYDFOFWanted %Time %Time Play
1Aleksander Barkov0325060%0:53 Seth JonesDylan DeMelo0325060%0:53
2Claude Giroux0325040%0:35 Nikita ZaitsevColton Parayko0325040%0:35
4 vs 4 Forward
Line #CenterWingPHYDFOFWanted %Time %Time Play
1Aleksander BarkovJonathan Marchessault0145071%0:22
2Claude GirouxAndre Burakovsky0145029%0:09
4 vs 4 Defense
Line #DefensePHYDFOFWanted %Time %Time Play
1Seth JonesDylan DeMelo0145071%50% - 0:22
2Nikita ZaitsevColton Parayko0145029%50% - 0:09
Last Minutes Offensive
Left WingCenterRight WingDefenseDefense
Claude GirouxAleksander BarkovReilly SmithSeth JonesNikita Zaitsev
Last Minutes Defensive
Left WingCenterRight WingDefenseDefense
Claude GirouxAleksander BarkovReilly SmithSeth JonesNikita Zaitsev
Time
Total ForwardTotal DefenseLast Minutes OffensiveLast Minutes Defensive
60:00 60:00 0:530:00
Extra Forwards
Normal PowerPlayPenalty Kill
Brett Howden, Zack Kassian, James NealBrett Howden, Zack KassianJujhar Khaira
Extra Defensemen
Normal PowerPlayPenalty Kill
Colton Parayko, Jason Demers, Nikita ZaitsevDylan DeMelo, Jason DemersNikita Zaitsev
Penalty Shots
Aleksander Barkov, Jonathan Marchessault, Claude Giroux, Reilly Smith, Andre Burakovsky
Goalie
Jonathan Quick, Collin Delia
Custom OT Lines Forwards
Aleksander Barkov, Claude Giroux, Reilly Smith, Jonathan Marchessault, Andre Burakovsky, Vladislav Namestnikov, Brett Howden, Zack Kassian, James Neal, Jujhar Khaira
Custom OT Lines Defensemen
Seth Jones, Dylan DeMelo, Nikita Zaitsev, Colton Parayko, Jason Demers
Scratches
Eric Robinson (Healthy), Oskari Laaksonen (Healthy), Justin Braun (Strained Right Knee Injury)


Play-by-Play

1st period


0:01 of 1st period - Auston Matthews wins face-off versus Aleksander Barkov in neutral zone.
0:04 of 1st period - Seth Jones is hit by Zach Hyman and loses puck.
0:17 of 1st period - Shot by Mitch Marner.
0:17 of 1st period - Shot Misses the Net.
0:33 of 1st period - Shot by Jonathan Marchessault.
0:33 of 1st period - Deflect By Aleksander Barkov.
0:33 of 1st period - Shot Misses the Net.
1:00 of 1st period - Minor Penalty to Carter Rowney for Roughing.
1:01 of 1st period - Joakim Nordstrom wins face-off versus Claude Giroux in Canadiens zone.
1:18 of 1st period - Reilly Smith is hit by Brandon Carlo and loses puck.
1:39 of 1st period - Shot by Reilly Smith.
1:39 of 1st period - Stopped by Frederik Andersen with a rebound.
1:41 of 1st period - Shot by Vladislav Namestnikov.
1:41 of 1st period - Stopped by Frederik Andersen without a rebound.
1:42 of 1st period - Aleksander Barkov wins face-off versus Joakim Nordstrom in Canadiens zone.
1:47 of 1st period - Shot by Aleksander Barkov.
1:47 of 1st period - Stopped by Frederik Andersen without a rebound.
1:48 of 1st period - Aleksander Barkov wins face-off versus Zach Hyman in Canadiens zone.
2:15 of 1st period - Shot by Seth Jones.
2:15 of 1st period - Stopped by Frederik Andersen without a rebound.
2:16 of 1st period - Claude Giroux wins face-off versus Colton Sceviour in Canadiens zone.
2:17 of 1st period - Shot by Colton Parayko.
2:17 of 1st period - Deflect By Reilly Smith.
2:17 of 1st period - Shot Misses the Net.
2:19 of 1st period - Shot by Reilly Smith.
2:19 of 1st period - Shot Misses the Net.
2:21 of 1st period - Shot by Reilly Smith.
2:21 of 1st period - Shot Misses the Net.
2:23 of 1st period - Shot by Reilly Smith.
2:23 of 1st period - Goal by Reilly Smith - Canadiens : 0 - Panthers : 1.
2:24 of 1st period - Adam Henrique wins face-off versus Claude Giroux in neutral zone.
2:33 of 1st period - Shot by Clayton Keller.
2:33 of 1st period - Shot Misses the Net.
2:35 of 1st period - Shot by Adam Henrique.
2:35 of 1st period - Stopped by Jonathan Quick without a rebound.
2:36 of 1st period - Brett Howden wins face-off versus Brayden Schenn in Panthers zone.
2:36 of 1st period - Brett Howden is hit by Brayden Schenn.
2:45 of 1st period - Jason Demers is hit by Brandon Carlo and loses puck.
2:51 of 1st period - Icing by Brandon Carlo.
2:52 of 1st period - Brayden Schenn wins face-off versus Claude Giroux in Canadiens zone.
2:52 of 1st period - Brayden Schenn is hit by Vladislav Namestnikov.
2:58 of 1st period - Nikita Zaitsev is hit by Brayden Schenn.
2:59 of 1st period - Minor Penalty to Carter Rowney for High sticking.
3:00 of 1st period - Colton Sceviour wins face-off versus Aleksander Barkov in Canadiens zone.
3:00 of 1st period - Colton Sceviour is hit by Jonathan Marchessault.
3:07 of 1st period - Icing by Seth Jones.
3:08 of 1st period - Andre Burakovsky wins face-off versus Colton Sceviour in Panthers zone.
3:33 of 1st period - Shot by Seth Jones.
3:33 of 1st period - Shot Misses the Net.
3:35 of 1st period - Shot by Dylan DeMelo.
3:35 of 1st period - Deflect By Aleksander Barkov.
3:35 of 1st period - Stopped by Frederik Andersen without a rebound.
3:36 of 1st period - Colton Sceviour wins face-off versus Claude Giroux in Canadiens zone.
3:36 of 1st period - Zach Hyman is hit by Reilly Smith and loses puck.
4:07 of 1st period - Shot by Colton Parayko.
4:07 of 1st period - Shot Misses the Net.
4:13 of 1st period - Shot by Claude Giroux.
4:13 of 1st period - Shot Misses the Net.
4:19 of 1st period - Shot by Claude Giroux.
4:19 of 1st period - Shot Misses the Net.
4:21 of 1st period - Shot by Reilly Smith.
4:21 of 1st period - Shot Misses the Net.
4:49 of 1st period - Shot by Dylan DeMelo.
4:49 of 1st period - Stopped by Frederik Andersen without a rebound.
4:50 of 1st period - Joakim Nordstrom wins face-off versus Jonathan Marchessault in Canadiens zone.
4:50 of 1st period - Joakim Nordstrom is hit by Jonathan Marchessault.
5:20 of 1st period - Shot by Brayden Schenn.
5:20 of 1st period - Shot Blocked by Brett Howden.
5:22 of 1st period - Shot by Matt Roy.
5:22 of 1st period - Shot Misses the Net.
5:24 of 1st period - Shot by Carter Rowney.
5:24 of 1st period - Shot Blocked by Jason Demers.
5:26 of 1st period - Shot by Carter Rowney.
5:26 of 1st period - Stopped by Jonathan Quick without a rebound.
5:27 of 1st period - David Krejci wins face-off versus Adam Henrique in Panthers zone.
5:54 of 1st period - Shot by David Krejci.
5:54 of 1st period - Shot Misses the Net.
6:28 of 1st period - Shot by Auston Matthews.
6:28 of 1st period - Shot Misses the Net.
6:55 of 1st period - Auston Matthews is hit by Colton Parayko and loses puck.
7:13 of 1st period - Off-side.
7:14 of 1st period - Reilly Smith wins face-off versus Brayden Schenn in neutral zone.
7:25 of 1st period - Reilly Smith is hit by Brayden Schenn and loses puck.
7:30 of 1st period - Shot by Jonathan Huberdeau.
7:30 of 1st period - Stopped by Jonathan Quick without a rebound.
7:31 of 1st period - Aleksander Barkov wins face-off versus Colton Sceviour in Panthers zone.
7:53 of 1st period - Colton Sceviour is hit by Dmitry Kulikov and loses puck.
8:23 of 1st period - Minor Penalty to Jonathan Huberdeau for Hooking.
8:24 of 1st period - Colton Sceviour wins face-off versus Claude Giroux in Canadiens zone.
8:24 of 1st period - Colton Sceviour is hit by Vladislav Namestnikov.
9:25 of 1st period - Shot by Aleksander Barkov.
9:25 of 1st period - Deflect By Jonathan Marchessault.
9:25 of 1st period - Shot Misses the Net.
10:32 of 1st period - Minor Penalty to Brett Howden for Slashing.
10:33 of 1st period - Auston Matthews wins face-off versus Claude Giroux in Panthers zone.
11:07 of 1st period - Icing by Auston Matthews.
11:08 of 1st period - Auston Matthews wins face-off versus Claude Giroux in Canadiens zone.
12:03 of 1st period - Adam Henrique is hit by Seth Jones and loses puck.
12:32 of 1st period - Icing by Victor Olofsson.
12:33 of 1st period - Colton Sceviour wins face-off versus Brett Howden in Canadiens zone.
12:33 of 1st period - Colton Sceviour is hit by Zack Kassian.
12:47 of 1st period - Brett Howden is hit by Joakim Nordstrom and loses puck.
12:53 of 1st period - Joakim Nordstrom is hit by Dmitry Kulikov.
13:21 of 1st period - Icing by Brett Howden.
13:22 of 1st period - Auston Matthews wins face-off versus Brett Howden in Panthers zone.
13:46 of 1st period - Icing by James Neal.
13:47 of 1st period - Brett Howden wins face-off versus Carter Rowney in Panthers zone.
14:08 of 1st period - Dylan DeMelo is hit by Carter Rowney and loses puck.
14:21 of 1st period - Shot by Reilly Smith.
14:21 of 1st period - Shot Blocked by Brandon Carlo.
14:29 of 1st period - Shot by Vladislav Namestnikov.
14:29 of 1st period - Stopped by Frederik Andersen without a rebound.
14:30 of 1st period - Aleksander Barkov wins face-off versus Adam Henrique in Canadiens zone.
14:35 of 1st period - Shot by Colton Parayko.
14:35 of 1st period - Stopped by Frederik Andersen with a rebound.
14:43 of 1st period - Shot by Andre Burakovsky.
14:43 of 1st period - Shot Misses the Net.
14:45 of 1st period - Shot by Jonathan Marchessault.
14:45 of 1st period - Stopped by Frederik Andersen with a rebound.
14:51 of 1st period - Shot by Aleksander Barkov.
14:51 of 1st period - Stopped by Frederik Andersen without a rebound.
14:52 of 1st period - David Krejci wins face-off versus Auston Matthews in Canadiens zone.
15:13 of 1st period - Shot by Zach Hyman.
15:13 of 1st period - Stopped by Jonathan Quick without a rebound.
15:14 of 1st period - Claude Giroux wins face-off versus Brayden Schenn in Panthers zone.
15:28 of 1st period - Brayden Schenn is hit by Colton Parayko and loses puck.
15:41 of 1st period - Vladislav Namestnikov is hit by Carter Rowney and loses puck.
16:48 of 1st period - Shot by Zach Hyman.
16:48 of 1st period - Shot Misses the Net.
16:50 of 1st period - Shot by Auston Matthews.
16:50 of 1st period - Shot Misses the Net.
17:05 of 1st period - Icing by Aleksander Barkov.
17:06 of 1st period - Adam Henrique wins face-off versus Jonathan Marchessault in Panthers zone.
17:33 of 1st period - Shot by Victor Olofsson.
17:33 of 1st period - Shot Misses the Net.
17:41 of 1st period - Shot by Clayton Keller.
17:41 of 1st period - Stopped by Jonathan Quick without a rebound.
17:42 of 1st period - Claude Giroux wins face-off versus Brayden Schenn in Panthers zone.
17:46 of 1st period - Off-side.
17:47 of 1st period - Claude Giroux wins face-off versus Auston Matthews in neutral zone.
18:06 of 1st period - Shot by Reilly Smith.
18:06 of 1st period - Shot Misses the Net.
18:08 of 1st period - Shot by Colton Parayko.
18:08 of 1st period - Shot Blocked by Auston Matthews.
18:10 of 1st period - Shot by Vladislav Namestnikov.
18:10 of 1st period - Stopped by Frederik Andersen with a rebound.
19:08 of 1st period - Shot by Brett Howden.
19:08 of 1st period - Shot Blocked by Carson Soucy.
19:12 of 1st period - Shot by James Neal.
19:12 of 1st period - Stopped by Frederik Andersen without a rebound.
19:13 of 1st period - Brayden Schenn wins face-off versus David Krejci in Canadiens zone.
19:35 of 1st period - David Krejci is hit by Morgan Rielly and loses puck.
19:51 of 1st period - Brayden Schenn is hit by Seth Jones and loses puck.
Goals for this period are 0 for Canadiens vs 1 for Panthers.
Shots for this period are 5 for Canadiens vs 13 for Panthers.

2nd period


0:01 of 2nd period - Adam Henrique wins face-off versus Claude Giroux in neutral zone.
0:14 of 2nd period - Shot by Clayton Keller.
0:14 of 2nd period - Shot Misses the Net.
0:24 of 2nd period - Shot by Clayton Keller.
0:24 of 2nd period - Deflect By Victor Olofsson.
0:24 of 2nd period - Stopped by Jonathan Quick without a rebound.
0:25 of 2nd period - Brett Howden wins face-off versus Auston Matthews in Panthers zone.
0:35 of 2nd period - Shot by Mitch Marner.
0:35 of 2nd period - Stopped by Jonathan Quick without a rebound.
0:36 of 2nd period - Aleksander Barkov wins face-off versus Colton Sceviour in Panthers zone.
0:36 of 2nd period - Aleksander Barkov is hit by Joakim Nordstrom.
1:08 of 2nd period - Icing by Seth Jones.
1:09 of 2nd period - Aleksander Barkov wins face-off versus Auston Matthews in Panthers zone.
2:08 of 2nd period - Minor Penalty to Brayden Schenn for Hooking.
2:09 of 2nd period - Reilly Smith wins face-off versus Joakim Nordstrom in Canadiens zone.
2:53 of 2nd period - Minor Penalty to Joakim Nordstrom for Roughing.
2:54 of 2nd period - Aleksander Barkov wins face-off versus Carter Rowney in Canadiens zone.
3:05 of 2nd period - Colton Sceviour is hit by Jonathan Marchessault and loses puck.
3:59 of 2nd period - Shot by Reilly Smith.
3:59 of 2nd period - Shot Misses the Net.
4:01 of 2nd period - Shot by Nikita Zaitsev.
4:01 of 2nd period - Stopped by Frederik Andersen without a rebound.
4:02 of 2nd period - Claude Giroux wins face-off versus Carter Rowney in Canadiens zone.
4:18 of 2nd period - Icing by Vladislav Namestnikov.
4:19 of 2nd period - Claude Giroux wins face-off versus Colton Sceviour in Panthers zone.
5:09 of 2nd period - Icing by Dmitry Kulikov.
5:10 of 2nd period - Adam Henrique wins face-off versus Brett Howden in Panthers zone.
5:11 of 2nd period - Shot by Victor Olofsson.
5:11 of 2nd period - Goal by Victor Olofsson - Canadiens : 1 - Panthers : 1.
5:12 of 2nd period - Adam Henrique wins face-off versus David Krejci in neutral zone.
6:08 of 2nd period - Shot by Jonathan Huberdeau.
6:08 of 2nd period - Shot Misses the Net.
6:23 of 2nd period - Shot by Carter Rowney.
6:23 of 2nd period - Shot Misses the Net.
6:25 of 2nd period - Shot by Brayden Schenn.
6:25 of 2nd period - Stopped by Jonathan Quick without a rebound.
6:26 of 2nd period - Auston Matthews wins face-off versus Claude Giroux in Panthers zone.
6:33 of 2nd period - Zach Hyman is hit by Vladislav Namestnikov and loses puck.
7:11 of 2nd period - Shot by Vladislav Namestnikov.
7:11 of 2nd period - Shot Blocked by Mitch Marner.
7:34 of 2nd period - Carter Rowney is hit by Zack Kassian and loses puck.
7:49 of 2nd period - Minor Penalty to Brayden Schenn for High sticking.
7:50 of 2nd period - Aleksander Barkov wins face-off versus Joakim Nordstrom in Canadiens zone.
8:19 of 2nd period - Shot by Aleksander Barkov.
8:19 of 2nd period - Shot Misses the Net.
8:26 of 2nd period - Icing by Andre Burakovsky.
8:27 of 2nd period - Aleksander Barkov wins face-off versus Colton Sceviour in Panthers zone.
8:36 of 2nd period - T.J. Brodie is hit by Jonathan Marchessault and loses puck.
9:14 of 2nd period - Shot by Vladislav Namestnikov.
9:14 of 2nd period - Stopped by Frederik Andersen without a rebound.
9:15 of 2nd period - Aleksander Barkov wins face-off versus Joakim Nordstrom in Canadiens zone.
9:18 of 2nd period - Shot by Jonathan Marchessault.
9:18 of 2nd period - Shot Misses the Net.
9:22 of 2nd period - Shot by Aleksander Barkov.
9:22 of 2nd period - Stopped by Frederik Andersen without a rebound.
9:23 of 2nd period - Colton Sceviour wins face-off versus Claude Giroux in Canadiens zone.
9:47 of 2nd period - Shot by Seth Jones.
9:47 of 2nd period - Stopped by Frederik Andersen without a rebound.
9:48 of 2nd period - Aleksander Barkov wins face-off versus Joakim Nordstrom in Canadiens zone.
9:55 of 2nd period - Shot by Zack Kassian.
9:55 of 2nd period - Stopped by Frederik Andersen with a rebound.
9:57 of 2nd period - Shot by Brett Howden.
9:57 of 2nd period - Shot Blocked by T.J. Brodie.
9:59 of 2nd period - Shot by Brett Howden.
9:59 of 2nd period - Shot Blocked by T.J. Brodie.
10:01 of 2nd period - Shot by Brett Howden.
10:01 of 2nd period - Shot Misses the Net.
10:03 of 2nd period - Shot by Zack Kassian.
10:03 of 2nd period - Goal by Zack Kassian - Canadiens : 1 - Panthers : 2.
10:04 of 2nd period - Brayden Schenn wins face-off versus Andre Burakovsky in neutral zone.
11:04 of 2nd period - Shot by Kasperi Kapanen.
11:04 of 2nd period - Shot Blocked by Nikita Zaitsev.
11:56 of 2nd period - Shot by Clayton Keller.
11:56 of 2nd period - Stopped by Jonathan Quick without a rebound.
11:57 of 2nd period - Adam Henrique wins face-off versus Brett Howden in Panthers zone.
12:03 of 2nd period - Icing by Dmitry Kulikov.
12:04 of 2nd period - Brett Howden wins face-off versus Adam Henrique in Panthers zone.
12:11 of 2nd period - Shot by Zack Kassian.
12:11 of 2nd period - Goal by Zack Kassian - Canadiens : 1 - Panthers : 3.
12:12 of 2nd period - Brayden Schenn wins face-off versus Claude Giroux in neutral zone.
12:45 of 2nd period - Shot by Jonathan Huberdeau.
12:45 of 2nd period - Stopped by Jonathan Quick without a rebound.
12:46 of 2nd period - Auston Matthews wins face-off versus Brett Howden in Panthers zone.
12:57 of 2nd period - Shot by Mitch Marner.
12:57 of 2nd period - Shot Misses the Net.
13:01 of 2nd period - Shot by Zach Hyman.
13:01 of 2nd period - Deflect By Mitch Marner.
13:01 of 2nd period - Shot Misses the Net.
13:03 of 2nd period - Shot by Brandon Carlo.
13:03 of 2nd period - Stopped by Jonathan Quick without a rebound.
13:04 of 2nd period - David Krejci wins face-off versus Adam Henrique in Panthers zone.
13:19 of 2nd period - Shot by Clayton Keller.
13:19 of 2nd period - Shot Misses the Net.
13:35 of 2nd period - Shot by Michael Raffl.
13:35 of 2nd period - Stopped by Frederik Andersen with a rebound.
13:41 of 2nd period - Shot by Michael Raffl.
13:41 of 2nd period - Stopped by Frederik Andersen without a rebound.
13:42 of 2nd period - Claude Giroux wins face-off versus Auston Matthews in Canadiens zone.
13:45 of 2nd period - Shot by Reilly Smith.
13:45 of 2nd period - Shot Misses the Net.
13:56 of 2nd period - Off-side.
13:57 of 2nd period - Brayden Schenn wins face-off versus Aleksander Barkov in neutral zone.
13:57 of 2nd period - Brayden Schenn is hit by Jonathan Marchessault.
14:19 of 2nd period - Shot by Brayden Schenn.
14:19 of 2nd period - Stopped by Jonathan Quick without a rebound.
14:20 of 2nd period - Claude Giroux wins face-off versus Auston Matthews in Panthers zone.
14:41 of 2nd period - Shot by Claude Giroux.
14:41 of 2nd period - Stopped by Frederik Andersen without a rebound.
14:42 of 2nd period - Brett Howden wins face-off versus Colton Sceviour in Canadiens zone.
15:03 of 2nd period - Shot by Zack Kassian.
15:03 of 2nd period - Stopped by Frederik Andersen without a rebound.
15:04 of 2nd period - Claude Giroux wins face-off versus Adam Henrique in Canadiens zone.
15:09 of 2nd period - Shot by Vladislav Namestnikov.
15:09 of 2nd period - Stopped by Frederik Andersen without a rebound.
15:10 of 2nd period - Claude Giroux wins face-off versus Auston Matthews in Canadiens zone.
15:15 of 2nd period - Shot by Vladislav Namestnikov.
15:15 of 2nd period - Stopped by Frederik Andersen with a rebound.
15:31 of 2nd period - Shot by Claude Giroux.
15:31 of 2nd period - Shot Misses the Net.
16:27 of 2nd period - Shot by Adam Henrique.
16:27 of 2nd period - Shot Misses the Net.
16:29 of 2nd period - Shot by Morgan Rielly.
16:29 of 2nd period - Shot Blocked by Aleksander Barkov.
16:31 of 2nd period - Shot by T.J. Brodie.
16:31 of 2nd period - Shot Blocked by Aleksander Barkov.
16:52 of 2nd period - Off-side.
16:53 of 2nd period - Brett Howden wins face-off versus Jonathan Huberdeau in neutral zone.
16:53 of 2nd period - Brett Howden is hit by Brayden Schenn.
16:54 of 2nd period - Brett Howden from Panthers is injured at 16:54 of 2nd period (Bruised Right Foot).
16:55 of 2nd period - Brayden Schenn wins face-off versus David Krejci in neutral zone.
17:06 of 2nd period - Shot by Zack Kassian.
17:06 of 2nd period - Deflect By David Krejci.
17:06 of 2nd period - Shot Misses the Net.
17:12 of 2nd period - Shot by Zack Kassian.
17:12 of 2nd period - Shot Misses the Net.
17:14 of 2nd period - Shot by Colton Parayko.
17:14 of 2nd period - Shot Hit the Post.
17:19 of 2nd period - David Krejci is hit by Carson Soucy and loses puck.
17:54 of 2nd period - Shot by Jonathan Marchessault.
17:54 of 2nd period - Shot Blocked by Matt Roy.
17:57 of 2nd period - Aleksander Barkov is hit by Matt Roy and loses puck.
18:00 of 2nd period - Shot by Aleksander Barkov.
18:00 of 2nd period - Deflect By Jonathan Marchessault.
18:00 of 2nd period - Stopped by Frederik Andersen without a rebound.
18:01 of 2nd period - Claude Giroux wins face-off versus Colton Sceviour in Canadiens zone.
18:02 of 2nd period - Shot by Seth Jones.
18:02 of 2nd period - Stopped by Frederik Andersen with a rebound.
18:07 of 2nd period - Minor Penalty to Reilly Smith for Tripping.
18:08 of 2nd period - Aleksander Barkov wins face-off versus Adam Henrique in Panthers zone.
18:41 of 2nd period - Shot by Clayton Keller.
18:41 of 2nd period - Stopped by Jonathan Quick without a rebound.
18:42 of 2nd period - Aleksander Barkov wins face-off versus Auston Matthews in Panthers zone.
18:42 of 2nd period - Aleksander Barkov is hit by Auston Matthews.
19:11 of 2nd period - Shot by Jake Muzzin.
19:11 of 2nd period - Shot Misses the Net.
19:15 of 2nd period - Shot by Auston Matthews.
19:15 of 2nd period - Stopped by Jonathan Quick without a rebound.
19:16 of 2nd period - Adam Henrique wins face-off versus Aleksander Barkov in Panthers zone.
19:34 of 2nd period - Shot by Zach Hyman.
19:34 of 2nd period - Deflect By Adam Henrique.
19:34 of 2nd period - Stopped by Jonathan Quick with a rebound.
19:46 of 2nd period - Shot by Morgan Rielly.
19:46 of 2nd period - Shot Misses the Net.
19:48 of 2nd period - Shot by Clayton Keller.
19:48 of 2nd period - Stopped by Jonathan Quick without a rebound.
19:49 of 2nd period - Auston Matthews wins face-off versus Claude Giroux in Panthers zone.
Goals for this period are 1 for Canadiens vs 2 for Panthers.
Shots for this period are 12 for Canadiens vs 15 for Panthers.

3rd period


0:01 of 3rd period - Auston Matthews wins face-off versus Aleksander Barkov in neutral zone.
0:21 of 3rd period - Shot by Colton Sceviour.
0:21 of 3rd period - Shot Misses the Net.
1:01 of 3rd period - Minor Penalty to Jonathan Marchessault for Tripping.
1:02 of 3rd period - Auston Matthews wins face-off versus Aleksander Barkov in Panthers zone.
1:02 of 3rd period - Auston Matthews is hit by Colton Parayko.
1:20 of 3rd period - Shot by Auston Matthews.
1:20 of 3rd period - Stopped by Jonathan Quick without a rebound.
1:21 of 3rd period - Zach Hyman wins face-off versus Aleksander Barkov in Panthers zone.
1:36 of 3rd period - Shot by Jake Muzzin.
1:36 of 3rd period - Shot Misses the Net.
1:51 of 3rd period - Off-side.
1:52 of 3rd period - Auston Matthews wins face-off versus Claude Giroux in neutral zone.
2:19 of 3rd period - Shot by Jonathan Huberdeau.
2:19 of 3rd period - Stopped by Jonathan Quick without a rebound.
2:20 of 3rd period - Adam Henrique wins face-off versus Jujhar Khaira in Panthers zone.
2:27 of 3rd period - Shot by Zach Hyman.
2:27 of 3rd period - Shot Misses the Net.
2:39 of 3rd period - Nikita Zaitsev is hit by Zach Hyman and loses puck.
2:50 of 3rd period - Shot by Brayden Schenn.
2:50 of 3rd period - Stopped by Jonathan Quick without a rebound.
2:51 of 3rd period - Aleksander Barkov wins face-off versus Auston Matthews in Panthers zone.
3:14 of 3rd period - Shot by Matt Roy.
3:14 of 3rd period - Shot Misses the Net.
3:19 of 3rd period - David Krejci is hit by Carson Soucy and loses puck.
3:21 of 3rd period - Minor Penalty to Zack Kassian for Tripping.
3:21 of 3rd period - Minor Penalty to Matt Roy for Holding.
3:22 of 3rd period - Aleksander Barkov wins face-off versus Auston Matthews in Canadiens zone.
3:43 of 3rd period - Shot by Mitch Marner.
3:43 of 3rd period - Stopped by Jonathan Quick without a rebound.
3:44 of 3rd period - Claude Giroux wins face-off versus Brayden Schenn in Panthers zone.
3:52 of 3rd period - Minor Penalty to Andre Burakovsky for Hooking.
3:53 of 3rd period - Brayden Schenn wins face-off versus Aleksander Barkov in Panthers zone.
4:00 of 3rd period - Shot by Jonathan Huberdeau.
4:00 of 3rd period - Deflect By Brayden Schenn.
4:00 of 3rd period - Stopped by Jonathan Quick without a rebound.
4:01 of 3rd period - Brayden Schenn wins face-off versus Claude Giroux in Panthers zone.
5:28 of 3rd period - Shot by Zach Hyman.
5:28 of 3rd period - Shot Misses the Net.
5:30 of 3rd period - Shot by Morgan Rielly.
5:30 of 3rd period - Stopped by Jonathan Quick with a rebound.
5:32 of 3rd period - Shot by Zach Hyman.
5:32 of 3rd period - Shot Misses the Net.
5:34 of 3rd period - Shot by Adam Henrique.
5:34 of 3rd period - Goal by Adam Henrique - Canadiens : 2 - Panthers : 3.
5:35 of 3rd period - Colton Sceviour wins face-off versus David Krejci in neutral zone.
5:35 of 3rd period - Matt Roy is hit by Zack Kassian and loses puck.
5:53 of 3rd period - Icing by Carson Soucy.
5:54 of 3rd period - Aleksander Barkov wins face-off versus Colton Sceviour in Canadiens zone.
6:03 of 3rd period - Shot by Aleksander Barkov.
6:03 of 3rd period - Stopped by Frederik Andersen without a rebound.
6:04 of 3rd period - Claude Giroux wins face-off versus Auston Matthews in Canadiens zone.
6:15 of 3rd period - Shot by Mitch Marner.
6:15 of 3rd period - Deflect By Zach Hyman.
6:15 of 3rd period - Stopped by Jonathan Quick without a rebound.
6:16 of 3rd period - Adam Henrique wins face-off versus Aleksander Barkov in Panthers zone.
7:58 of 3rd period - Shot by Vladislav Namestnikov.
7:58 of 3rd period - Shot Misses the Net.
8:00 of 3rd period - Shot by Claude Giroux.
8:00 of 3rd period - Shot Blocked by Brandon Carlo.
8:02 of 3rd period - Shot by Claude Giroux.
8:02 of 3rd period - Shot Misses the Net.
8:04 of 3rd period - Shot by Dylan DeMelo.
8:04 of 3rd period - Stopped by Frederik Andersen without a rebound.
8:05 of 3rd period - Brayden Schenn wins face-off versus David Krejci in Canadiens zone.
8:05 of 3rd period - Brayden Schenn is hit by Zack Kassian.
8:39 of 3rd period - Shot by Jonathan Huberdeau.
8:39 of 3rd period - Shot Misses the Net.
8:41 of 3rd period - Shot by Carter Rowney.
8:41 of 3rd period - Shot Misses the Net.
8:45 of 3rd period - Shot by Carson Soucy.
8:45 of 3rd period - Shot Misses the Net.
9:47 of 3rd period - Shot by Claude Giroux.
9:47 of 3rd period - Deflect By Reilly Smith.
9:47 of 3rd period - Shot Misses the Net.
10:22 of 3rd period - Shot by Zach Hyman.
10:22 of 3rd period - Shot Misses the Net.
10:28 of 3rd period - Shot by Zach Hyman.
10:28 of 3rd period - Stopped by Jonathan Quick with a rebound.
10:30 of 3rd period - Shot by Zach Hyman.
10:30 of 3rd period - Deflect By Mitch Marner.
10:30 of 3rd period - Shot Misses the Net.
10:44 of 3rd period - Shot by Auston Matthews.
10:44 of 3rd period - Stopped by Jonathan Quick without a rebound.
10:45 of 3rd period - David Krejci wins face-off versus Brayden Schenn in Panthers zone.
11:04 of 3rd period - Icing by Dmitry Kulikov.
11:05 of 3rd period - Adam Henrique wins face-off versus David Krejci in Panthers zone.
11:08 of 3rd period - Shot by Clayton Keller.
11:08 of 3rd period - Shot Blocked by Dmitry Kulikov.
11:18 of 3rd period - Shot by Jake Muzzin.
11:18 of 3rd period - Deflect By Clayton Keller.
11:18 of 3rd period - Stopped by Jonathan Quick without a rebound.
11:19 of 3rd period - Aleksander Barkov wins face-off versus Auston Matthews in Panthers zone.
11:56 of 3rd period - Shot by Auston Matthews.
11:56 of 3rd period - Goal by Auston Matthews - Canadiens : 3 - Panthers : 3.
11:57 of 3rd period - Claude Giroux wins face-off versus Brayden Schenn in neutral zone.
12:02 of 3rd period - Shot by Claude Giroux.
12:02 of 3rd period - Shot Hit the Post.
12:58 of 3rd period - Shot by Clayton Keller.
12:58 of 3rd period - Stopped by Jonathan Quick with a rebound.
13:25 of 3rd period - Off-side.
13:26 of 3rd period - David Krejci wins face-off versus Auston Matthews in neutral zone.
14:20 of 3rd period - Carson Soucy is hit by Jonathan Marchessault and loses puck.
14:30 of 3rd period - Icing by Carson Soucy.
14:31 of 3rd period - Auston Matthews wins face-off versus Andre Burakovsky in Canadiens zone.
15:04 of 3rd period - Shot by Aleksander Barkov.
15:04 of 3rd period - Stopped by Frederik Andersen without a rebound.
15:05 of 3rd period - Adam Henrique wins face-off versus Claude Giroux in Canadiens zone.
15:05 of 3rd period - Adam Henrique is hit by Vladislav Namestnikov.
15:15 of 3rd period - Shot by Morgan Rielly.
15:15 of 3rd period - Shot Misses the Net.
15:18 of 3rd period - Icing by Nikita Zaitsev.
15:19 of 3rd period - Brayden Schenn wins face-off versus Claude Giroux in Panthers zone.
15:32 of 3rd period - Jake Muzzin is hit by Reilly Smith and loses puck.
15:44 of 3rd period - Icing by Brayden Schenn.
15:45 of 3rd period - David Krejci wins face-off versus Brayden Schenn in Canadiens zone.
15:45 of 3rd period - Seth Jones is hit by Brandon Carlo and loses puck.
15:49 of 3rd period - Icing by Jake Muzzin.
15:50 of 3rd period - David Krejci wins face-off versus Brayden Schenn in Canadiens zone.
15:56 of 3rd period - Jonathan Huberdeau is hit by Zack Kassian and loses puck.
16:23 of 3rd period - Shot by James Neal.
16:23 of 3rd period - Stopped by Frederik Andersen with a rebound.
16:26 of 3rd period - Minor Penalty to Zack Kassian for Hooking.
16:27 of 3rd period - Claude Giroux wins face-off versus Adam Henrique in Panthers zone.
17:23 of 3rd period - Icing by Jonathan Huberdeau.
17:24 of 3rd period - Aleksander Barkov wins face-off versus Auston Matthews in Canadiens zone.
17:37 of 3rd period - Nikita Zaitsev is hit by Brayden Schenn and loses puck.
17:44 of 3rd period - Shot by Jonathan Huberdeau.
17:44 of 3rd period - Stopped by Jonathan Quick without a rebound.
17:45 of 3rd period - Auston Matthews wins face-off versus Claude Giroux in Panthers zone.
18:12 of 3rd period - Shot by Morgan Rielly.
18:12 of 3rd period - Stopped by Jonathan Quick without a rebound.
18:13 of 3rd period - Adam Henrique wins face-off versus Aleksander Barkov in Panthers zone.
18:37 of 3rd period - Shot by Kasperi Kapanen.
18:37 of 3rd period - Stopped by Jonathan Quick without a rebound.
18:38 of 3rd period - Auston Matthews wins face-off versus Andre Burakovsky in Panthers zone.
18:53 of 3rd period - Shot by Mitch Marner.
18:53 of 3rd period - Shot Misses the Net.
18:55 of 3rd period - Shot by Jake Muzzin.
18:55 of 3rd period - Stopped by Jonathan Quick with a rebound.
18:57 of 3rd period - Shot by Brandon Carlo.
18:57 of 3rd period - Shot Misses the Net.
18:59 of 3rd period - Shot by Zach Hyman.
18:59 of 3rd period - Shot Misses the Net.
19:06 of 3rd period - Shot by Zach Hyman.
19:06 of 3rd period - Goal by Zach Hyman - Canadiens : 4 - Panthers : 3.
19:07 of 3rd period - Aleksander Barkov wins face-off versus Colton Sceviour in neutral zone.
19:12 of 3rd period - Panthers, Jonathan Quick is pulled from the net.
19:31 of 3rd period - Icing by Nikita Zaitsev.
19:32 of 3rd period - Jonathan Quick from Panthers was sent back in the game.
19:32 of 3rd period - Aleksander Barkov wins face-off versus Colton Sceviour in Panthers zone.
19:46 of 3rd period - Shot by Brandon Carlo.
19:46 of 3rd period - Shot Misses the Net.
Goals for this period are 3 for Canadiens vs 0 for Panthers.
Shots for this period are 18 for Canadiens vs 4 for Panthers.